 Dungeon Crawl Stone Soup version 0.30.1-3-gfc49f6343a (webtiles) character file.

Game seed: 16429148326741811438

21 coffeetime the Grave Robber (level 2, -1/19 HPs)
             Began as a Demonspawn Necromancer on July 25, 2023.
             Slain by a ball python (3 damage)
             ... on level 1 of the Dungeon.
             The game lasted 00:02:45 (633 turns).

coffeetime the Grave Robber (Demonspawn Necromancer) Turns: 633, Time: 00:02:46

Health: -1/19      AC:  5    Str:  8    XL:     2   Next: 62%
Magic:  2/5        EV:  7    Int: 18    God:
Gold:   90         SH:  5    Dex: 13    Spells: 4/5 levels left

rFire   . . .        c - +0 hand axe
rCold   . . .        (no shield)
rNeg    . . .        g - +0 ring mail
rPois   .            (no helmet)
rElec   .            (no cloak)
rCorr   .            (no gloves)
SInv    .            (no boots)
Will    .....        d - amulet of reflection
Stlth   +            (no ring)
HPRegen 0.23/turn    (no ring)
MPRegen 0.09/turn

%: reflection
@: constricted
A: big brain 1
a: no special abilities


You were on level 1 of the Dungeon.
You visited 1 branch of the dungeon, and saw 1 of its levels.

You collected 90 gold pieces.

Inventory:

Hand Weapons
 c - a +0 hand axe (weapon)
Armour
 a - a +0 robe
 g - a +0 ring mail (worn)
Jewellery
 d - an amulet of reflection (around neck)
Scrolls
 e - 3 scrolls of identify {unknown}
 f - a scroll of vulnerability {unknown}
Potions
 b - a potion of magic
 h - a potion of cancellation {unknown}


   Skills:
 + Level 2.6 Dodging
 - Level 1.9 Stealth
 - Level 2.1 Spellcasting
 - Level 4.4 Necromancy


You had 4 spell levels left.
You knew the following spells:

 Your Spells              Type           Power      Damage    Failure   Level
a - Necrotise             Necr           72%        1d7       9%          1

Your spell library contained the following spells:

 Spells                   Type           Power      Damage    Failure   Level
 Vampiric Draining        Necr           18%        2d7       26%         3
 Animate Dead             Necr           18%        N/A       65%         4
 Agony                    Necr           18%        N/A       94%         5


Dungeon Overview and Level Annotations

Branches:
Dungeon (1/15)

Altars:


Innate Abilities, Weirdness & Mutations

You have an unusually large brain. (Int +2)


Message History

You hit the ball python but do no damage.
You block the jackal's attack. The ball python bites you.
The ball python constricts you. The jackal barely misses you.
The ball python completely misses you. The ball python constricts you.
You hit the jackal but do no damage.
The jackal is heavily wounded.
You closely miss the ball python.
The jackal bites you but does no damage.
The ball python bites you. The ball python constricts you.
The jackal bites you.
You hit the jackal.
The jackal is severely wounded.
You completely miss the ball python.
The jackal bites you but does no damage.
The ball python bites you but does no damage.
The ball python constricts you.
The jackal bites you but does no damage.
You block the ball python's attack. The ball python constricts you.
You hit the ball python but do no damage.
The ball python is moderately wounded.
You closely miss the jackal. The jackal closely misses you.
The ball python barely misses you. The ball python constricts you.
The jackal closely misses you.
You hit the ball python but do no damage.
The ball python is moderately wounded.
You closely miss the jackal. The ball python closely misses you.
The ball python constricts you. The jackal bites you.
* * * LOW HITPOINT WARNING * * *
The ball python bites you.
* * * LOW HITPOINT WARNING * * *
The ball python constricts you.
You hit the jackal but do no damage.
The jackal is severely wounded.
You closely miss the ball python.
The jackal bites you but does no damage.
The ball python bites you but does no damage.
The ball python constricts you. The jackal bites you.
* * * LOW HITPOINT WARNING * * *
The ball python bites you.
You die...

#.# #..# #.# ##..# #.# #...#
#.# ##..## #. #.# #.h.# #.# #.#
#h.## #.# #.# #..########.# #.#
#..######..##.......### #.#
#....S@hhw..†.......... #.#
#.######h#.##.####..##. #.#
#.#.##.# #..... #.# #.#.##.#
#..##' #.# #.#.##.# #..#..
#.#######.######.#.##.# ##).#..
#.......#.....†.#.....###...#..
#######.########.#........#.#..
#.# #.########...##'


You could see a dart slug, 3 jackals and a ball python.

Vanquished Creatures
  An endoplasm (D:1)
  A goblin (D:1)
  5 hobgoblins (D:1)
  A jackal (D:1)
  2 kobolds (D:1)
  2 quokkas (D:1)
  3 ball pythons (D:1)
  2 bats (D:1)
  A rat (D:1)
18 creatures vanquished.

Notes
Turn   | Place    | Note
-------+----------+-------------------------------------------
     0 | D:1      | coffeetime the Demonspawn Necromancer began the quest for
                  | the Orb.
     0 | D:1      | Reached XP level 1. HP: 13/13 MP: 3/3
   130 | D:1      | Gained mutation: You have an unusually large brain. (Int
                  | +2) [demonic ancestry]
   130 | D:1      | Reached XP level 2. HP: 11/19 MP: 5/5
   633 | D:1      | Slain by a ball python

Illustrated notes

Levels and vault maps discovered:
D:1:      dpeg_arrival_windows_large_door, layout_loops_ring

Skill      XL: |  1 |
---------------+----+-----
Dodging        | 2 |  2.6
Stealth        | |  1.9
Spellcasting   | |  2.1
Necromancy     | |  4.4

Action                     || total
---------------------------++-------
  Melee: Hand axe          ||    41
         Unarmed           ||     3
         Punch             ||     1
   Cast: Necrotise         ||    19
   Stab: Sleeping          ||     2
 Armour: Robe              ||     5
         Ring mail         ||    23
  Dodge: Dodged            ||    56
  Block: Other             ||    15
